 Dungeon Crawl Stone Soup version 0.30-a0-1082-g70414cbcbb (webtiles) character file.

Game seed: 526791567422625884

927 Arzdou the Summoner (level 7, 0/38 HPs)
             Began as a Deep Elf Summoner on Apr 15, 2023.
             Was a Follower of Sif Muna.
             Slain by a gnoll
             ... wielding a +0 club
             ... led by a gnoll bouda
              (3 damage)
             ... on level 4 of the Dungeon.
             The game lasted 00:24:57 (4513 turns).

Arzdou the Summoner (Deep Elf Summoner)             Turns: 4513, Time: 00:24:58

Health: 0/38       AC:  8    Str:  5    XL:     7   Next: 85%
Magic:  2/18       EV: 14    Int: 22    God:    Sif Muna [*.....]
Gold:   175        SH:  0    Dex: 21    Spells: 1/19 levels left

rFire   . . .      SeeInvis .    B - +1 long sword
rCold   . . .      Faith    .    (no shield)
rNeg    . . .      Spirit   .    d - +0 robe
rPois   .          Reflect  .    D - +2 hat
rElec   .          Rampage  .    A - +2 cloak {rCorr}
rCorr   +                        z - +0 pair of gloves
Will    .....                    (no boots)
Stlth   +++                      (no amulet)
HPRegen 0.26/turn                v - ring of wizardry
MPRegen 0.16/turn                l - +6 ring of dexterity

@: about to teleport
A: no striking features
a: Renounce Religion, Channel Magic


You were on level 4 of the Dungeon.
You worshipped Sif Muna.
Sif Muna was aware of your devotion.
You visited 1 branch of the dungeon, and saw 5 of its levels.

You collected 175 gold pieces.

Inventory:

Hand Weapons
 a - a +0 dagger
 k - a +2 dagger of flaming
 B - a +1 long sword (weapon)
Armour
 d - a +0 robe (worn)
 j - a +0 helmet
 w - a scarf of invisibility
 y - a +4 ring mail
 z - a +0 pair of gloves (worn)
 A - a +2 cloak of preservation (worn)
 D - a +2 hat (worn)
Jewellery
 l - a +6 ring of dexterity (right hand)
 q - a ring of flight
 v - a ring of wizardry (left hand)
Wands
 n - a wand of roots (5)
Scrolls
 c - a scroll of enchant weapon
 f - a scroll of identify
 g - a scroll of teleportation
 o - a scroll of noise
Potions
 b - a potion of magic
 e - 3 potions of might
 i - 5 potions of curing
 m - 5 potions of resistance
 p - 2 potions of haste
 r - 2 potions of flight
 u - a potion of lignification


   Skills:
 + Level 1.0 Fighting
 + Level 1.1 Long Blades
 + Level 3.4 Dodging
 + Level 3.5 Stealth
 + Level 6.5 Spellcasting
 + Level 1.0 Conjurations
 + Level 1.3 Hexes
 * Level 8.2 Summonings
 + Level 0.1 Air Magic
 + Level 1.7 Earth Magic


You had one spell level left.
You knew the following spells:

 Your Spells              Type           Power      Damage    Failure   Level
a - Summon Small Mammal   Summ           100%       N/A       1%          1
b - Call Imp              Summ           86%        N/A       1%          2
c - Call Canine Familiar  Summ           43%        N/A       1%          3
d - Summon Guardian Gole  Hex/Summ       28%        N/A       1%          3
e - Stone Arrow           Conj/Erth      26%        3d8       6%          3
f - Summon Lightning Spi  Summ/Air       25%        N/A       6%          4
g - Passwall              Tmut/Erth      9%         N/A       3%          2

Your spell library contained the following spells:

 Spells                   Type           Power      Damage    Failure   Level
 Sandblast                Erth           28%        2d8       1%          1
 Apportation              Tloc           14%        N/A       3%          1
 Necrotise                Necr           28%        1d5       3%          1
 Cigotuvi's Dreadful Rot  Necr/Pois/Air  14%        N/A       5%          2
 Inner Flame              Hex/Fire       10%        N/A       9%          3
 Ignite Poison            Fire/Tmut/Pois 7%         N/A       11%         3
 Flame Wave               Conj/Fire      9%         2d6       26%         4
 Sticky Flame             Conj/Fire      9%         2d3       26%         4
 Freezing Cloud           Conj/Ice/Air   4%         6-21      58%         5


Dungeon Overview and Level Annotations

Branches:
Dungeon (5/15)             Temple (0/1) D:5

Altars:
Dithmenos
Ru
Sif Muna

Annotations:
D:3 2 transporters, senseless's ghost, amateur OpHu


Message History

The gnoll throws a throwing net.
The throwing net misses you.
The stone arrow hits the gnoll bouda!
The gnoll bouda is heavily wounded.
The gnoll barely misses you. The gnoll hits you with a +0 flail.
The gnoll bouda hits you with a +0 mace!
The stone arrow hits the gnoll bouda!
You kill the gnoll bouda!
Sif Muna accepts your kill. The gnoll hits you with a +0 flail. x2
Your Conjurations skill increases to level 1!
Casting: Stone Arrow (dangerous; 6% risk of failure)
Confirm with . or Enter, or press ? or * to list all spells.
You don't know that spell.
Unknown command.
Casting: Stone Arrow (dangerous; 6% risk of failure)
Confirm with . or Enter, or press ? or * to list all spells.
You don't have enough magic to cast this spell.
Unknown command.
Okay, then.
The gnoll attacks as you move away! The gnoll misses you.
The gnoll attacks as you move away! The gnoll barely misses you.
The gnoll hits you with a +0 flail! The gnoll barely misses you.
The gnoll attacks as you move away! The gnoll barely misses you.
The gnoll attacks as you move away! The gnoll barely misses you.
The gnoll attacks as you move away! The gnoll misses you.
The gnoll attacks as you move away! The gnoll hits you but does no damage.
The gnoll attacks as you move away! The gnoll hits you with a +0 flail.
There is a stone staircase leading up here.
The gnoll hits you with a +0 flail!
* * * LOW HITPOINT WARNING * * *
The gnoll hits you but does no damage. The gnoll hits you with a +0 club.
* * * LOW HITPOINT WARNING * * *
You climb upwards.
There is a stone staircase leading down, spattered with blood here.
As you read the scroll of teleportation, it crumbles to dust.
You feel strangely unstable. The gnoll barely misses you.
The gnoll hits you with a +0 flail.
* * * LOW HITPOINT WARNING * * *
The gnoll hits you with a +0 club.
You die...

###...###...##........>.#.##...##
....#....5####.#######.###.#.....
#...#...### #.# #.## ##..>.##
..#####.# #.# ##.###.##.###
#...#...# #.# #..#.#....##
###.#.########.# #.#.##......
#..............#######.#..#..[.#.
#.########.##..#.g...#.#.#.##.##.
#.########.##..g@g.....#.#.##.##.
..#................†........#.##.
###.#########........###......##.
###.#########........# #.#..####.
................#.#### #.#..# #.
........#####...#.######.#..# #.
###.###.# #............#..# ##
#.###.#####.[.............#
#...........)##.#######..######


You could see 3 gnolls.

Vanquished Creatures
  A scorpion (D:4)
  A gnoll bouda (D:5)
  An orc wizard (D:5)
  2 gnolls (D:5)
  2 orcs (D:5)
  A giant cockroach (D:1)
  2 hobgoblins
  5 jackals (D:5)
  A ball python (D:4)
16 creatures vanquished.

Vanquished Creatures (collateral kills)
  Eustachio (D:4)
  An ice beast (D:5)
  A gnoll sergeant (D:5)
  Crazy Yiuf (D:4)
  Terence (D:2)
  3 iguanas
  2 orc wizards
  3 gnolls (D:5)
  6 adders
  2 worms (D:2)
  7 dart slugs
  7 orcs
  8 endoplasms
  7 goblins
  5 hobgoblins
  6 jackals
  3 quokkas
  5 ball pythons
  6 bats
  3 frilled lizards (D:1)
  6 kobolds
  8 rats
92 creatures vanquished.

Vanquished Creatures (others)
  An orc warrior (D:4)
  An iguana (D:4)
  2 orcs
  6 plants (D:3)
10 creatures vanquished.

Grand Total: 118 creatures vanquished

Notes
Turn   | Place    | Note
-------+----------+-------------------------------------------
     0 | D:1      | Arzdou the Deep Elf Summoner began the quest for the Orb.
     0 | D:1      | Reached XP level 1. HP: 10/10 MP: 6/6
   253 | D:1      | Reached XP level 2. HP: 15/15 MP: 8/8
   279 | D:1      | Learned a level 2 spell: Call Imp
   370 | D:1      | Reached skill level 5 in Summonings
   528 | D:1      | Reached XP level 3. HP: 19/19 MP: 10/10
   825 | D:1      | Learned a level 3 spell: Call Canine Familiar
   837 | D:1      | Found a faded altar of an unknown god.
  1291 | D:2      | Found a sacrificial altar of Ru.
  1463 | D:2      | Reached XP level 4. HP: 19/24 MP: 12/12
  1530 | D:2      | Noticed Terence
  1554 | D:2      | Killed Terence
  1883 | D:3      | Learned a level 3 spell: Summon Guardian Golem
  2008 | D:3      | Found a transporter.
  2108 | D:3      | Noticed senseless's ghost (amateur OpHu)
  2135 | D:3      | Found a transporter.
  2142 | D:3      | Identified the +4 spear of the Hidden Vale {venom, Fly rN+
                  | Str+3 Dex-4}
  2157 | D:3      | Reached XP level 5. HP: 28/28 MP: 7/14
  2397 | D:3      | Reached skill level 6 in Summonings
  2573 | D:4      | Found a shimmering blue altar of Sif Muna.
  2579 | D:4      | Became a worshipper of Sif Muna the Loreminder
  2613 | D:4      | Noticed an orc warrior
  2687 | D:4      | Found a shadowy altar of Dithmenos.
  2801 | D:4      | Reached skill level 5 in Spellcasting
  2816 | D:4      | Noticed Eustachio
  2852 | D:4      | Killed Eustachio
  2853 | D:4      | Reached XP level 6. HP: 32/32 MP: 8/16
  3085 | D:4      | Reached skill level 7 in Summonings
  3101 | D:4      | Learned a level 3 spell: Stone Arrow
  3137 | D:4      | Reached skill level 1 in Earth Magic
  3171 | D:4      | Found a runed translucent door.
  3172 | D:4      | Noticed Crazy Yiuf
  3182 | D:4      | Killed Crazy Yiuf
  3564 | D:4      | Learned a level 4 spell: Summon Lightning Spire
  3683 | D:4      | Killed an orc warrior
  3684 | D:4      | Reached skill level 1 in Hexes
  3789 | D:5      | Entered Level 5 of the Dungeon
  4146 | D:5      | Reached XP level 7. HP: 26/36 MP: 17/17
  4150 | D:5      | Reached * piety under Sif Muna
  4291 | D:5      | Reached skill level 8 in Summonings
  4311 | D:4      | Reached skill level 1 in Long Blades
  4422 | D:4      | Learned a level 2 spell: Passwall
  4436 | D:4      | Reached skill level 1 in Fighting
  4507 | D:5      | Reached skill level 1 in Conjurations
  4513 | D:4      | Slain by a gnoll

Illustrated notes

Levels and vault maps discovered:
D:1:      roderic_dead_forest, layout_loops_ring,
          hellmonk_ecumenical_altar_run_dry
D:2:      layout_rooms, basic_altar, uniq_terence
D:3:      layout_loops_cross, gammafunk_ghost_gnarly_gnolls
D:4:      layout_loops_ring, nicolae_dithmenos_shadow_blocks, led_sif_pool,
          uniq_crazy_yiuf_cottage, uniq_eustachio
D:5:      layout_basic, minmay_temple_entry_stoned_glass

Skill      XL: |  1  2  3  4  5  6  7 |
---------------+----------------------+-----
Summonings     | 5 6 7 8 |  8.2
Spellcasting   | 4 5 6 |  6.5
Earth Magic    | 1 |  1.7
Stealth        | 3 |  3.5
Hexes          | 1 |  1.3
Dodging        | 3 |  3.4
Long Blades    | 1 |  1.1
Fighting       | 1 |  1.0
Conjurations   | 1 |  1.0
Air Magic      | |  0.1

Action                     |  1- 3 |  4- 6 |  7- 9 || total
---------------------------+-------+-------+-------++-------
  Melee: Unarmed           |     2 |       |       ||     2
         Dagger            |     3 |    17 |       ||    20
         Long sword        |       |    26 |    14 ||    40
         Punch             |       |     1 |       ||     1
   Cast: Summon Small Mamm |    23 |     7 |       ||    30
         Call Imp          |    20 |    15 |     1 ||    36
         Call Canine Famil |     3 |    18 |     3 ||    24
         Summon Guardian G |       |     9 |     2 ||    11
         Summon Lightning  |       |     1 |     3 ||     4
         Stone Arrow       |       |       |     9 ||     9
    Use: Scroll            |       |    14 |     1 ||    15
   Stab: Sleeping          |     1 |     1 |       ||     2
 Armour: Robe              |     9 |    21 |    24 ||    54
  Dodge: Dodged            |    37 |    34 |    58 ||   129

Table legend: (Time is in decaauts)
 A = Elapsed time spent in this place.
 B = Non-inter-level travel time spent in this place.
 C = Inter-level travel time spent in this place.
 D = Time resting spent in this place.
 E = Time spent auto-exploring this place.
 F = Levels seen in this place.
 G = Mean time per level.
                   A        B        C        D        E       F      G
               +--------+--------+--------+--------+--------+-----+--------+
         Total |   4532 |   4158 |    374 |      0 |   2754 |   5 |  906.4 |
       Dungeon |   4532 |   4158 |    374 |      0 |   2754 |   5 |  906.4 |
               +--------+--------+--------+--------+--------+-----+--------+

Top non-repeatable levels by time:
     D:4: 1509 daAuts
     D:1: 1127 daAuts
     D:3: 812 daAuts
     D:2: 643 daAuts
     D:5: 440 daAuts
